 Dungeon Crawl Stone Soup version 0.28.0-43-g3370ac3207 (webtiles) character file.

Game seed: 10109607749338727508

841 protoss039 the Thaumaturge (level 7, -1/36 HPs)
             Began as a Deep Elf Earth Elementalist on Mar 4, 2022.
             Slain by a sky beast (2 damage)
             ... on level 5 of the Dungeon.
             The game lasted 00:08:58 (5365 turns).

protoss039 the Thaumaturge (DEEE)                   Turns: 5365, Time: 00:08:58

Health: -1/36      AC:  3    Str:  5    XL:     7   Next: 67%
Magic:  1/20       EV: 13    Int: 25    God:
Gold:   71         SH:  0    Dex: 20    Spells: 12/22 levels left

rFire   . . .      SeeInvis .   h - +2 dagger (holy)
rCold   . . .      Faith    .   (no shield)
rNeg    . . .      Spirit   .   s - +1 robe "Awkobike" {Int+3 Dex+5}
rPois   .          Reflect  .   (no helmet)
rElec   .          Harm     .   (no cloak)
rCorr   .          Rampage  .   (no gloves)
Will    .....                   (no boots)
Stlth   ++........              (no amulet)
HPRegen 0.12/turn               (no ring)
MPRegen 0.17/turn               (no ring)

@: no status effects
A: no striking features
a: no special abilities


You were on level 5 of the Dungeon.
You visited 1 branch of the dungeon, and saw 5 of its levels.

You collected 247 gold pieces.
You spent 176 gold pieces at shops.

Inventory:

Hand Weapons
 h - a +2 dagger of holy wrath (weapon)
Missiles
 c - 51 stones
Armour
 s - the +1 robe "Awkobike" (worn) {Int+3 Dex+5}
   (You bought it in a shop on level 5 of the Dungeon)

   Int:       It affects your intelligence (+3).
   Dex:       It affects your dexterity (+5).
Scrolls
 a - a scroll of amnesia {unknown}
 d - a scroll of immolation {unknown}
 g - 2 scrolls of noise {unknown}
 i - 3 scrolls of silence {unknown}
 j - 3 scrolls of identify {unknown}
 p - a scroll of enchant armour {unknown}
 q - a scroll of blinking {unknown}
 r - 4 scrolls of teleportation {unknown}
Potions
 e - 2 potions of invisibility {unknown}
 f - a potion of lignification {unknown}
 k - a potion of might {unknown}
 l - a potion of curing {unknown}
 m - a potion of degeneration {unknown}
 n - a potion of resistance {unknown}
 o - a potion of flight {unknown}


   Skills:
 - Level 2.4 Dodging
 - Level 2.4 Stealth
 + Level 8.4 Spellcasting
 + Level 1.9 Conjurations
 - Level 1.1 Transmutations
 + Level 7.3 Earth Magic


You had 12 spell levels left.
You knew the following spells:

 Your Spells              Type           Power      Damage    Failure   Level
a - Sandblast             Erth           94%        2d19      1%          1
b - Passwall              Tmut/Erth      25%        N/A       1%          2
c - Stone Arrow           Conj/Erth      66%        3d11      2%          3
d - Petrify               Tmut/Erth      31%        N/A       11%         4

Your spell library contained the following spells:

 Spells                   Type           Power      Damage    Failure   Level
 Animate Skeleton         Necr           20%        N/A       6%          1
 Apportation              Tloc           20%        N/A       6%          1
 Slow                     Hex            40%        N/A       6%          1
 Summon Small Mammal      Summ           40%        N/A       6%          1
 Static Discharge         Conj/Air       15%        N/A       6%          2
 Confusing Touch          Hex            10%        N/A       17%         3
 Vampiric Draining        Necr           10%        2d6       17%         3
 Sticky Flame             Conj/Fire      15%        2d4       36%         4
 Dispel Undead            Necr           10%        3d9       50%         4


Dungeon Overview and Level Annotations

Branches:
Dungeon (5/15)
 Temple: D:4-7

Altars:
Dithmenos
Fedhas
Kikubaaqudgha
Trog

Shops:
D:3 =   D:5 [

Annotations:
D:3 2 runed translucent doors, Discosetron's ghost, weakling DjAE; Grinder
D:5 Sigmund


Message History

Unknown command.
Casting: Stone Arrow (dangerous; 2% risk of failure)
Confirm with . or Enter, or press ? or * to list all spells.
Aiming: Stone Arrow (dangerous; 2% risk of failure)
Press: ? - help, Shift-Dir - straight line, f - orc priest
Aim: an orc priest, wielding a +0 trident (74% to hit)
The stone arrow hits the orc priest!
You kill the orc priest!
The orc wizard casts a spell at you. The puff of flame hits you!
Unknown command.
Casting: Stone Arrow (dangerous; 2% risk of failure)
Confirm with . or Enter, or press ? or * to list all spells.
Aiming: Stone Arrow (dangerous; 2% risk of failure)
Press: ? - help, Shift-Dir - straight line, f - orc wizard
Aim: an orc wizard, wielding a +0 dagger and wearing a +0 robe (67% to hit)
The stone arrow hits the orc wizard!!
You kill the orc wizard!
Casting: Stone Arrow (dangerous; 2% risk of failure)
Confirm with . or Enter, or press ? or * to list all spells.
Aiming: Sandblast (safe; 1% risk of failure)
Press: ? - help, Shift-Dir - straight line The blast of sand hits something!
Casting: Sandblast (safe; 1% risk of failure)
Confirm with . or Enter, or press ? or * to list all spells.
Aiming: Sandblast (safe; 1% risk of failure)
Press: ? - help, Shift-Dir - straight line Something hits you.
Something shocks you.
* * * LOW HITPOINT WARNING * * *
The orc hits you with a +0 mace of protection!
* * * LOW HITPOINT WARNING * * *
Unknown command.
Okay, then.
Okay, then.
Casting: Sandblast (safe; 1% risk of failure)
Confirm with . or Enter, or press ? or * to list all spells.
Aiming: Stone Arrow (dangerous; 2% risk of failure)
Press: ? - help, Shift-Dir - straight line The stone arrow hits something!
Something hits you.
You die...

### #..8........ ..#
#........).. ..# #...........
#### ..# #...)....... ##...
..#.. #...).).....# ##....
..#.# #...........# #.....
..#.# #..o{......## ##.....
..#.# #..@......##.#.....#
.##.# #.........##.#.....#
.#..# ##.......##.......##
##..# #.......##.......#.
##..## ##.....###.>.....#.
.....### ##...#..........'.
####..(### ##.....≈.≈≈.....#.
#
#.....#######..)##≈≈≈≈≈≈....#.
#.......##....####.≈≈≈≈.....##


You could see an orc.

Vanquished Creatures
  A necrophage (D:5)
  2 ogres
  A wyvern zombie (D:5)
  3 bullfrog zombies
  2 centaur zombies (D:5)
  A bullfrog skeleton (D:4)
  2 orc priests
  2 orc wizards
  3 hound zombies (D:5)
  3 gnolls (D:4)
  5 adders
  An adder skeleton (D:4)
  An adder zombie (D:5)
  4 worms
  2 dart slugs
  17 orcs
  5 bats
  7 endoplasms
  3 giant cockroaches
  4 goblins
  4 hobgoblins
  2 jackals (D:3)
  4 quokkas
  6 ball pythons
  5 frilled lizards
  6 kobolds
  A quokka skeleton (D:4)
  4 rats
101 creatures vanquished.

Vanquished Creatures (others)
  2 withered plants (D:5)
2 creatures vanquished.

Grand Total: 103 creatures vanquished

Notes
Turn   | Place    | Note
-------+----------+-------------------------------------------
     0 | D:1      | protoss039 the Deep Elf Earth Elementalist began the quest
                  | for the Orb.
     0 | D:1      | Reached XP level 1. HP: 10/10 MP: 6/6
   263 | D:1      | Found a faded altar of an unknown god.
   289 | D:1      | Reached XP level 2. HP: 10/15 MP: 5/8
   878 | D:1      | Learned a level 2 spell: Passwall
   917 | D:2      | Reached XP level 3. HP: 19/19 MP: 6/10
  1350 | D:2      | Reached skill level 4 in Spellcasting
  1706 | D:2      | Learned a level 3 spell: Stone Arrow
  1707 | D:3      | Found Sibupn's Jewellery Shop.
  2278 | D:3      | Found a shadowy altar of Dithmenos.
  2294 | D:3      | Reached XP level 4. HP: 24/24 MP: 4/12
  2411 | D:3      | Found a large runed translucent door.
  2411 | D:3      | Found a large runed translucent door.
  2415 | D:3      | Noticed Discosetron's ghost (weakling DjAE)
  2417 | D:3      | Noticed Grinder
  2452 | D:3      | Reached skill level 5 in Earth Magic
  2746 | D:3      | Reached skill level 5 in Spellcasting
  3222 | D:3      | Learned a level 4 spell: Petrify
  3278 | D:4      | Reached XP level 5. HP: 12/28 MP: 6/15
  3477 | D:4      | Found an ancient bone altar of Kikubaaqudgha.
  3611 | D:4      | Reached skill level 6 in Spellcasting
  3611 | D:4      | Reached XP level 6. HP: 32/32 MP: 3/17
  4267 | D:5      | Entered Level 5 of the Dungeon
  4361 | D:5      | Noticed Sigmund
  4377 | D:5      | Reached skill level 7 in Spellcasting
  4521 | D:5      | Reached XP level 7. HP: 36/36 MP: 10/19
  4582 | D:5      | Reached skill level 1 in Conjurations
  4732 | D:5      | Found a bloodstained altar of Trog.
  4732 | D:5      | Found a blossoming altar of Fedhas.
  4932 | D:5      | Found Sorugh's Antique Armour Shop.
  5002 | D:5      | Bought a tattered robe for 176 gold pieces
  5002 | D:5      | Identified the +1 robe "Awkobike" {Int+3 Dex+5} (You bought
                  | it in a shop on level 5 of the Dungeon)
  5046 | D:5      | Reached skill level 8 in Spellcasting
  5364 | D:5      | HP: 1/36 [orc/+0 mace of protection (7)]
  5365 | D:5      | Slain by a sky beast

Illustrated notes

Levels and vault maps discovered:
D:1:      minmay_arrival_hallway, layout_basic,
          hellmonk_ecumenical_altar_pennies_from_heaven,
          chequers_serial_rivers_micro_c, minivault_27
D:2:      layout_loops_cross, minmay_misc_feat_encased,
          kennysheep_generic_room_9
D:3:      layout_basic, grunt_dithmenos_smoke_and_mirrors, serial_shops, shop,
          ebering_ghost_disaster_area, uniq_grinder
D:4:      layout_basic, mainiacjoe_overflow_surrounded_room
D:5:      layout_cave_pods, gammafunk_temple_overflow_pools, serial_shops, shop,
          serial_undead, serial_undead_d, serial_undead_b, serial_undead_f,
          serial_undead_e, gammafunk_ghost_grave, uniq_sigmund

Skill      XL: |  1  2  3  4  5  6  7 |
---------------+----------------------+-----
Earth Magic    | 4 5 6 7 |  7.3
Spellcasting   | 4 5 6 7 8 |  8.4
Conjurations   | 1 |  1.9
Dodging        | |  2.4
Stealth        | |  2.4
Transmutations | |  1.1

Action                   |  1- 3 |  4- 6 |  7- 9 || total
-------------------------+-------+-------+-------++-------
Melee: Dagger            |    25 |     2 |       ||    27
       Punch             |     1 |       |       ||     1
 Cast: Sandblast         |    57 |    47 |     5 ||   109
       Stone Arrow       |       |    19 |    30 ||    49
 Stab: Sleeping          |     2 |     1 |       ||     3
Armor: Robe              |    11 |     1 |       ||    12
Dodge: Dodged            |    25 |     7 |     3 ||    35
